[Event "January 9 Early 2024"]
[Site "https://www.chess.com"]
[Date "2024.01.11"]
[Round "2"]
[White "Papasimakopoulos, Alexandros"]
[Black "Le, Tuan Minh"]
[Result "0-1"]
[Board "70"]
[TimeControl "180+1"]
[WhiteFideId "4244125"]
[BlackFideId "12401153"]
[WhiteElo "2646"]
[BlackElo "3000"]
[WhiteTeam "GRE"]
[BlackTeam "VIE"]
[WhiteClock "0:00:53"]
[BlackClock "0:00:47"]

1. d4 Nf6 2. c4 c6 3. Nc3 d5 4. cxd5 cxd5 5. Bf4 Nc6 6. e3 a6 7. Bd3 Bg4 8. Nge2 e6 9. Rc1 Bd6 10. f3 Bh5 11. O-O O-O 12. Na4 Bg6 13. Nc5 Bxc5 14. Rxc5 Qe7 15. Bg5 Rfc8 16. Bxg6 hxg6 17. Qb3 Qc7 18. Bxf6 gxf6 19. Rfc1 Kg7 20. h3 Qd7 21. Qb6 e5 22. dxe5 fxe5 23. Rd1 Ne7 24. Nc3 Qe6 25. Qb4 Rxc5 26. Qxc5 Rd8 27. Ne2 Rc8 28. Qb4 Rc2 29. Kf1 Nf5 30. Qb3 d4 31. exd4 Qxb3 32. axb3 Ne3+ 33. Ke1 Nxg2+ 34. Kf1 Ne3+ 35. Ke1 Nxd1 36. Kxd1 Rxb2 0-1

[Event "January 9 Early 2024"]
[Site "https://www.chess.com"]
[Date "2024.01.11"]
[Round "2"]
[White "Kevlishvili, Robby"]
[Black "Golubev, Mikhail"]
[Result "1-0"]
[Board "71"]
[TimeControl "180+1"]
[WhiteFideId "1040634"]
[BlackFideId "14100983"]
[WhiteElo "2977"]
[BlackElo "2636"]
[WhiteTeam "NED"]
[BlackTeam "UKR"]
[WhiteClock "0:01:26"]
[BlackClock "0:00:20"]

1. e4 c5 2. Nf3 d6 3. d4 cxd4 4. Nxd4 Nf6 5. Nc3 g6 6. Be3 Bg7 7. f3 Nc6 8. Qd2 O-O 9. O-O-O d5 10. exd5 Nxd5 11. Nxc6 bxc6 12. Bd4 e5 13. Bc5 Be6 14. Ne4 Re8 15. Bc4 Qc7 16. Bb3 Rad8 17. Qf2 Bh6+ 18. Kb1 f5 19. Bxd5 cxd5 20. Nf6+ Kf7 21. Nxe8 Rxe8 22. Ba3 d4 23. Rhe1 Rc8 24. b3 Be3 25. Qe2 f4 26. g4 fxg3 27. hxg3 Bf5 28. Rd3 Bxd3 29. Qxd3 Qc6 30. Bc1 Bxc1 31. Rxc1 Kg7 32. f4 exf4 33. Qxd4+ Qf6 34. Qxa7+ Kg8 35. gxf4 Qxf4 36. Rh1 Qe4 37. Qxh7+ 1-0

[Event "January 9 Early 2024"]
[Site "https://www.chess.com"]
[Date "2024.01.11"]
[Round "2"]
[White "Rees, Ioan"]
[Black "Chan, Wei Xuan Timothy"]
[Result "0-1"]
[Board "72"]
[TimeControl "180+1"]
[WhiteFideId "1801236"]
[BlackFideId "5802032"]
[WhiteElo "2401"]
[BlackElo "2710"]
[WhiteTeam "WLS"]
[BlackTeam "SGP"]
[WhiteClock "0:00:50"]
[BlackClock "0:00:43"]

1. e4 e5 2. Nf3 Nc6 3. Bc4 Bc5 4. d3 Nf6 5. Bg5 d6 6. c3 h6 7. Bh4 a6 8. Nbd2 Ba7 9. a4 Be6 10. Bxe6 fxe6 11. Qb3 Qc8 12. Nc4 O-O 13. O-O Nh5 14. Ne3 Qd7 15. Rad1 Nf4 16. Bg3 Rab8 17. Kh1 Qf7 18. d4 Nxg2 19. Nxe5 dxe5 20. Nxg2 exd4 21. cxd4 Nxd4 22. Qc4 Rbd8 23. Qxc7 Rd7 24. Qc4 Kh8 25. Be5 Nf3 26. Rxd7 Qxd7 27. Bg3 Nd2 28. Qb4 Nxf1 29. Qxf8+ Kh7 30. Be5 Bd4 31. Qf4 Bxe5 32. Qxe5 Qd1 33. h4 Nd2+ 34. Kh2 Nf3+ 0-1

[Event "January 9 Early 2024"]
[Site "https://www.chess.com"]
[Date "2024.01.11"]
[Round "2"]
[White "Shevchuk, Olexandr"]
[Black "Diaz, Fernando"]
[Result "0-1"]
[Board "73"]
[TimeControl "180+1"]
[WhiteFideId "14113775"]
[BlackFideId "3701255"]
[WhiteElo "2492"]
[BlackElo "2284"]
[WhiteTeam "UKR"]
[BlackTeam "PAR"]
[WhiteClock "0:00:14"]
[BlackClock "0:01:09"]

1. d4 e5 2. dxe5 d6 3. Nf3 Nc6 4. exd6 Bxd6 5. c3 Bg4 6. Nbd2 Nf6 7. g3 Qe7 8. Bg2 O-O-O 9. O-O h5 10. h3 Bd7 11. Nc4 Bc5 12. b4 Be6 13. Qb3 Bb6 14. Ng5 Bd5 15. e4 Bxc4 16. Qxc4 Ne5 17. Qb3 Nh7 18. Nxh7 Rxh7 19. Rd1 Nd3 20. Rf1 h4 21. a4 hxg3 22. a5 Bxf2+ 23. Kh1 Rxh3+ 24. Bxh3+ Kb8 25. Ra2 Qxe4+ 26. Bg2 Rh8+ 27. Bh6 Rxh6# 0-1

[Event "January 9 Early 2024"]
[Site "https://www.chess.com"]
[Date "2024.01.11"]
[Round "2"]
[White "Burmakin, Evgeniy"]
[Black "Sjugirov, Sanan"]
[Result "0-1"]
[Board "74"]
[TimeControl "180+1"]
[WhiteFideId "4163729"]
[BlackFideId "4189302"]
[WhiteElo "2423"]
[BlackElo "2960"]
[WhiteTeam "RUS"]
[BlackTeam "HUN"]
[WhiteClock "0:00:04"]
[BlackClock "0:01:55"]

1. e4 c5 2. Nc3 d6 3. Nf3 a6 4. d4 cxd4 5. Nxd4 Nf6 6. Be3 e5 7. Nb3 Be7 8. f3 Be6 9. Qd2 O-O 10. O-O-O b5 11. g4 Nbd7 12. g5 Nh5 13. Nd5 Bxd5 14. exd5 f5 15. gxf6 Bxf6 16. Bh3 Nf4 17. Be6+ Kh8 18. Nd4 exd4 19. Bxf4 Ne5 20. Bxe5 Bxe5 21. Kb1 Qh4 22. Rdf1 Rf4 23. h3 Raf8 24. Qd3 Qg3 25. a3 Rxf3 26. Rxf3 Rxf3 27. Rf1 Rxf1+ 28. Qxf1 Bf4 29. Ka2 g6 30. Qe2 Kg7 31. Bd7 Be5 32. Qd2 h5 33. Be6 Qf3 34. Qa5 d3 35. Qc7+ Kh6 36. cxd3 Qxd3 37. Qf7 Qc4+ 38. Kb1 Qe4+ 39. Ka2 Qc4+ 40. Kb1 Qd3+ 41. Ka2 Qd2 42. Qf8+ Bg7 0-1

[Event "January 9 Early 2024"]
[Site "https://www.chess.com"]
[Date "2024.01.11"]
[Round "2"]
[White "Buscar, Michael"]
[Black "Kislinsky, Alexey"]
[Result "1-0"]
[Board "75"]
[TimeControl "180+1"]
[WhiteFideId "2603616"]
[BlackFideId "14108801"]
[WhiteElo "2409"]
[BlackElo "2750"]
[WhiteTeam "CAN"]
[BlackTeam "CZE"]
[WhiteClock "0:00:30"]
[BlackClock "0:00:51"]

1. d4 d5 2. c4 dxc4 3. e3 Nf6 4. Bxc4 e6 5. Nf3 a6 6. O-O b5 7. Be2 Bb7 8. a3 c5 9. dxc5 Qxd1 10. Rxd1 Bxc5 11. b4 Be7 12. Bb2 Nbd7 13. Nbd2 O-O 14. Rac1 Rac8 15. Nb3 Bd5 16. Na5 Nb6 17. Nd4 Na4 18. Ba1 Nd7 19. Ndc6 Rce8 20. e4 Bxc6 21. Nxc6 Nf6 22. Nxe7+ Rxe7 23. f3 Nh5 24. Be5 Ra8 25. Rc6 f6 26. Bd6 Rd7 27. Rdc1 Rad8 28. Bc7 Rc8 29. g4 Rd2 30. Bf1 Rxc7 31. Rxc7 Nf4 32. Re7 h5 33. Rcc7 g5 34. Re8# 1-0

[Event "January 9 Early 2024"]
[Site "https://www.chess.com"]
[Date "2024.01.11"]
[Round "2"]
[White "Tifferet, Shakked"]
[Black "Kornyukov, Alexey"]
[Result "0-1"]
[Board "76"]
[TimeControl "180+1"]
[WhiteFideId "2811529"]
[BlackFideId "4150457"]
[WhiteElo "2492"]
[BlackElo "2281"]
[WhiteTeam "ISR"]
[BlackTeam "RUS"]
[WhiteClock "0:00:18"]
[BlackClock "0:00:57"]

1. g3 d5 2. Bg2 Nf6 3. f4 c6 4. Nf3 Bg4 5. O-O e6 6. d3 Nbd7 7. Nbd2 Bd6 8. Qe1 O-O 9. b3 Re8 10. Bb2 e5 11. fxe5 Nxe5 12. Qf2 Bxf3 13. exf3 Ng6 14. Rae1 Rxe1 15. Rxe1 Qd7 16. Re2 Re8 17. Rxe8+ Qxe8 18. Qxa7 Qe1+ 19. Nf1 Qb4 20. d4 h5 21. Qa8+ Kh7 22. Qc8 c5 23. dxc5 Bxc5+ 24. Kh1 h4 25. Bxf6 gxf6 26. Qd7 Qd4 27. Qxf7+ Kh6 28. h3 Qg1# 0-1

[Event "January 9 Early 2024"]
[Site "https://www.chess.com"]
[Date "2024.01.11"]
[Round "2"]
[White "Vela Frago, Alberto"]
[Black "Lebedev, Artem S."]
[Result "1-0"]
[Board "77"]
[TimeControl "180+1"]
[WhiteFideId "24531685"]
[BlackFideId "34272747"]
[WhiteElo "2265"]
[BlackElo "2476"]
[WhiteTeam "ESP"]
[BlackTeam "RUS"]
[WhiteClock "0:01:11"]
[BlackClock "0:00:01"]

1. e4 c5 2. Nf3 e6 3. d3 Nc6 4. g3 g6 5. Bg2 Bg7 6. O-O Nge7 7. c3 e5 8. Na3 O-O 9. Be3 d6 10. Qd2 f5 11. Bh6 f4 12. Bxg7 Kxg7 13. h3 h6 14. d4 b6 15. Rad1 Qc7 16. Nb5 Qb8 17. dxe5 dxe5 18. Qd6 Ba6 19. a4 Qxd6 20. Rxd6 g5 21. Rfd1 Rac8 22. Rd7 Kf6 23. R1d6+ Kf7 24. Nxa7 Nxa7 25. Nxe5+ Ke8 26. Rxa7 fxg3 27. fxg3 1-0

[Event "January 9 Early 2024"]
[Site "https://www.chess.com"]
[Date "2024.01.11"]
[Round "2"]
[White "Chigaev, Maksim"]
[Black "Antal, Gergely"]
[Result "1-0"]
[Board "78"]
[TimeControl "180+1"]
[WhiteFideId "4108116"]
[BlackFideId "717312"]
[WhiteElo "2956"]
[BlackElo "2630"]
[WhiteTeam "ESP"]
[BlackTeam "HUN"]
[WhiteClock "0:00:50"]
[BlackClock "0:00:13"]

1. c4 f5 2. e4 fxe4 3. d3 exd3 4. Bxd3 Nf6 5. Nc3 d6 6. Nf3 e5 7. Bg5 Be7 8. Qc2 Bg4 9. Bxf6 Bxf6 10. Bxh7 Bxf3 11. gxf3 Nc6 12. O-O-O Kf8 13. h4 Nd4 14. Qd3 Qd7 15. h5 Bg5+ 16. Kb1 Bh6 17. f4 Bxf4 18. Nd5 Bh6 19. f4 g5 20. hxg6 Bg7 21. fxe5 dxe5 22. Qe4 Ke8 23. Rxd4 c6 24. Nf6+ Bxf6 25. Rxd7 Kxd7 26. g7 1-0

[Event "January 9 Early 2024"]
[Site "https://www.chess.com"]
[Date "2024.01.11"]
[Round "2"]
[White "Llari, Marc"]
[Black "Kvaloy, Aksel Bu"]
[Result "0-1"]
[Board "79"]
[TimeControl "180+1"]
[WhiteFideId "651044269"]
[BlackFideId "1528815"]
[WhiteElo "2302"]
[BlackElo "2720"]
[WhiteTeam "FRA"]
[BlackTeam "NOR"]
[WhiteClock "0:00:20"]
[BlackClock "0:01:22"]

1. d4 Nf6 2. Nf3 e6 3. Bg5 d5 4. e3 Be7 5. Bd3 h6 6. Bh4 O-O 7. O-O c5 8. c3 Nbd7 9. Nbd2 Qc7 10. Bg3 Bd6 11. Qe2 e5 12. dxe5 Nxe5 13. Bxe5 Bxe5 14. Nxe5 Qxe5 15. Nf3 Qh5 16. h3 Re8 17. Rad1 Be6 18. Rfe1 Rad8 19. a3 Ne4 20. Nd2 Qg6 21. f3 c4 22. Bb1 Bxh3 23. fxe4 Bg4 24. Qf1 Bxd1 25. Rxd1 dxe4 26. Nxc4 Rxd1 27. Qxd1 Qg5 28. Qe2 f5 29. Ba2 Kh7 30. Nd6 Re7 31. Qf2 Rd7 32. Qxf5+ Qxf5 33. Nxf5 Rd2 34. Bb1 Rd1+ 35. Kf2 Rxb1 36. b4 Rc1 37. Kg3 Rxc3 38. Kf4 Rxa3 39. Nd6 Rb3 40. Nxb7 Rxb4 41. Nc5 a5 42. Nxe4 a4 0-1

[Event "January 9 Early 2024"]
[Site "https://www.chess.com"]
[Date "2024.01.11"]
[Round "2"]
[White "Kuznecova, Marija"]
[Black "Khamrakulov, Djurabek"]
[Result "0-1"]
[Board "80"]
[TimeControl "180+1"]
[WhiteFideId "11618736"]
[BlackFideId "14201143"]
[WhiteElo "2408"]
[BlackElo "2829"]
[WhiteTeam "LAT"]
[BlackTeam "UZB"]
[WhiteClock "0:00:02"]
[BlackClock "0:01:30"]

1. e4 e5 2. Nf3 Nf6 3. Nxe5 d6 4. Nf3 Nxe4 5. d4 d5 6. Bd3 Bd6 7. O-O O-O 8. c4 c6 9. Nc3 Nxc3 10. bxc3 dxc4 11. Bxc4 Bf5 12. a4 Nd7 13. Re1 h6 14. Bb3 Qf6 15. Ba3 Bxa3 16. Rxa3 Rad8 17. Ra2 Nc5 18. Bc4 Ne4 19. Qc1 c5 20. Rae2 Nd6 21. Bb3 Bg4 22. Bd5 cxd4 23. cxd4 Nf5 24. Bxb7 Nxd4 25. Nxd4 Rxd4 26. Re4 Rfd8 27. Qe3 Rxe4 28. Qxe4 Be6 29. Bc6 a5 30. h3 Qc3 31. Re3 Qc1+ 32. Kh2 Rd1 33. Kg3 Qc5 34. Bb5 Rd4 35. Qe5 Rd5 36. Qe4 Qd6+ 37. f4 g5 38. Rf3 Rd4 39. Qe5 gxf4+ 0-1

[Event "January 9 Early 2024"]
[Site "https://www.chess.com"]
[Date "2024.01.11"]
[Round "2"]
[White "Glashausser, Sho"]
[Black "Guerrero Olmos, Sergio"]
[Result "0-1"]
[Board "81"]
[TimeControl "180+1"]
[WhiteFideId "30908329"]
[BlackFideId "2257238"]
[WhiteElo "2158"]
[BlackElo "2463"]
[WhiteTeam "USA"]
[BlackTeam "ESP"]
[WhiteClock "0:00:01"]
[BlackClock "0:01:20"]

1. Nf3 d5 2. g3 Nf6 3. Bg2 Bf5 4. O-O e6 5. d3 h6 6. c4 c6 7. Qb3 Qb6 8. Be3 Qa6 9. cxd5 exd5 10. Nc3 Nbd7 11. Na4 Bd6 12. Rfc1 O-O 13. h3 Rfe8 14. Rc2 Bxg3 15. Nd4 Bg6 16. Bxh6 Bxf2+ 17. Kxf2 gxh6 18. Bf3 Re5 19. Rg1 Rae8 20. h4 h5 21. Nc3 Qb6 22. Qxb6 axb6 23. Na4 b5 24. Nc5 Nxc5 25. Rxc5 Nd7 26. Rc2 Kf8 27. a3 Ra8 28. Nb3 Ra4 29. Rh1 Rf5 30. Kg3 Ne5 31. Nc5 Nxf3 32. Nxa4 Nd4 0-1

[Event "January 9 Early 2024"]
[Site "https://www.chess.com"]
[Date "2024.01.11"]
[Round "2"]
[White "Hrebenshchykova, Yelyzaveta"]
[Black "Modric, Nesa"]
[Result "1-0"]
[Board "82"]
[TimeControl "180+1"]
[WhiteFideId "14159899"]
[BlackFideId "922579"]
[WhiteElo "2481"]
[BlackElo "2209"]
[WhiteTeam "UKR"]
[BlackTeam "SRB"]
[WhiteClock "0:00:35"]
[BlackClock "0:00:55"]

1. e4 c6 2. d4 d5 3. e5 Bf5 4. h4 h5 5. Bd3 Bxd3 6. Qxd3 e6 7. Nf3 c5 8. Bg5 Qb6 9. Nbd2 Nc6 10. dxc5 Bxc5 11. O-O Nge7 12. c3 Nf5 13. b4 Be7 14. b5 Na5 15. Bxe7 Nxe7 16. Nd4 Rc8 17. f4 g6 18. Kh2 Nc4 19. N2f3 Nf5 20. Nxf5 gxf5 21. Nd4 Rg8 22. Rf3 Rg4 23. g3 a6 24. Rb1 Qa5 25. bxa6 Qxa2+ 26. Kh3 bxa6 27. Rb7 Qa1 28. Rf1 Qa2 29. Nxf5 Nd2 30. Nd6+ Kd8 31. Nxf7+ Ke8 32. Nd6+ Kd8 33. Qh7 Rxg3+ 34. Kxg3 Ne4+ 35. Nxe4 1-0

[Event "January 9 Early 2024"]
[Site "https://www.chess.com"]
[Date "2024.01.11"]
[Round "2"]
[White "Mihajlovskij, Sergei"]
[Black "Makkar, Rajat"]
[Result "0-1"]
[Board "83"]
[TimeControl "180+1"]
[WhiteFideId "13500805"]
[BlackFideId "36016810"]
[WhiteElo "2194"]
[BlackElo "2482"]
[WhiteTeam "BLR"]
[BlackTeam "FRA"]
[WhiteClock "0:01:05"]
[BlackClock "0:00:18"]

1. e4 c5 2. Nf3 d6 3. d3 g6 4. g3 Bg7 5. Bg2 Nf6 6. O-O O-O 7. h4 Ng4 8. c3 e5 9. Nbd2 Nc6 10. Qe2 f5 11. Nc4 f4 12. gxf4 exf4 13. Rd1 b5 14. Ncd2 Nge5 15. d4 cxd4 16. cxd4 Nxf3+ 17. Nxf3 Bg4 18. Qxb5 Rc8 19. b3 Bxf3 20. Bxf3 Qxh4 21. Bb2 Kh8 22. Rac1 Ne7 23. Rxc8 Rxc8 24. Rc1 Rxc1+ 25. Bxc1 Bxd4 26. Qe2 Nc6 27. Ba3 Qg5+ 28. Kf1 Bc5 29. Bb2+ Bd4 30. Ba3 Qe5 31. Qc4 Bc5 32. b4 Qd4 33. Qf7 Qxf2# 0-1

[Event "January 9 Early 2024"]
[Site "https://www.chess.com"]
[Date "2024.01.11"]
[Round "2"]
[White "Rojas Salas, Steven"]
[Black "Popov, Konstantin"]
[Result "0-1"]
[Board "84"]
[TimeControl "180+1"]
[WhiteFideId "3819434"]
[BlackFideId "34137910"]
[WhiteElo "2585"]
[BlackElo "2907"]
[WhiteTeam "PER"]
[BlackTeam "FID"]
[WhiteClock "0:00:44"]
[BlackClock "0:01:01"]

1. d4 Nf6 2. c4 e6 3. Nc3 Bb4 4. e3 O-O 5. Bd3 c5 6. Nf3 d5 7. cxd5 exd5 8. O-O Nc6 9. dxc5 Bxc5 10. b3 a6 11. Bb2 Qd6 12. Rc1 Bg4 13. h3 Bh5 14. Bf5 Rad8 15. Ne2 Bxf3 16. gxf3 Ba7 17. Ng3 Bxe3 18. Kg2 Bxc1 19. Qxc1 d4 20. Rd1 g6 21. Bb1 Rfe8 22. Qd2 Nd5 23. Ne4 Nf4+ 24. Kf1 Qe5 25. Bc1 Nd5 26. Qh6 f6 27. Ng3 Nce7 28. Re1 Qxe1+ 29. Kxe1 Nf5+ 30. Kf1 Nxh6 31. Bxh6 f5 32. Bd3 b5 33. a4 Nb4 34. Be2 d3 35. Bd1 d2 36. Ne2 Nd3 37. axb5 axb5 38. b4 Nb2 39. Bb3+ Nc4 40. Bd1 Rd3 41. Nf4 Re1+ 42. Kg2 Rxd1 43. Nxd3 Rb1 44. Bxd2 Nxd2 45. h4 Rb3 0-1

[Event "January 9 Early 2024"]
[Site "https://www.chess.com"]
[Date "2024.01.11"]
[Round "2"]
[White "Viana, Valeria"]
[Black "Lima, Stefan Moisei VIeira"]
[Result "0-1"]
[Board "85"]
[TimeControl "180+1"]
[WhiteFideId "8407100"]
[BlackFideId "22782273"]
[WhiteElo "2080"]
[BlackElo "2441"]
[WhiteTeam "HON"]
[BlackTeam "BRA"]
[WhiteClock "0:00:20"]
[BlackClock "0:01:07"]

1. e4 e5 2. Nf3 Nf6 3. Nxe5 d6 4. Nf3 Nxe4 5. d3 Nf6 6. Nc3 d5 7. d4 Be7 8. Bd3 O-O 9. O-O Bg4 10. h3 Bh5 11. Bf4 Nbd7 12. Be2 Bxf3 13. Bxf3 c6 14. Ne2 Re8 15. c3 Nf8 16. Nc1 Ng6 17. Bg3 Bd6 18. Bxd6 Qxd6 19. Nd3 Ne4 20. Bxe4 dxe4 21. Nc5 b6 22. Nb3 f5 23. Qh5 Qf6 24. Rfe1 Nf4 25. Qd1 Qg5 26. g3 Nxh3+ 27. Kh2 Nxf2 28. Qe2 Ng4+ 29. Kg1 e3 30. Rf1 Nf2 31. Rxf2 exf2+ 32. Qxf2 Re3 33. Kg2 Rae8 0-1

[Event "January 9 Early 2024"]
[Site "https://www.chess.com"]
[Date "2024.01.11"]
[Round "2"]
[White "Olcayoz, Gizem"]
[Black "Bashirli, Saadat"]
[Result "1-0"]
[Board "86"]
[TimeControl "180+1"]
[WhiteFideId "6301444"]
[BlackFideId "13429990"]
[WhiteElo "2002"]
[BlackElo "2417"]
[WhiteTeam "TUR"]
[BlackTeam "AZE"]
[WhiteClock "0:00:33"]
[BlackClock "0:00:22"]

1. e4 c6 2. d4 d5 3. e5 Bf5 4. h4 h5 5. Bg5 f6 6. Bf4 Nd7 7. Nf3 Bg4 8. Bd3 f5 9. Nbd2 e6 10. c4 Be7 11. Qb3 Rb8 12. Ng5 Bxg5 13. Bxg5 Qc7 14. f3 Nxe5 15. dxe5 Qxe5+ 16. Kf2 f4 17. Rhe1 Qd4+ 18. Kf1 Kf7 19. fxg4 hxg4 20. cxd5 g3 21. dxe6+ Ke8 22. Bg6+ Kf8 23. e7+ Nxe7 24. Bxe7# 1-0

[Event "January 9 Early 2024"]
[Site "https://www.chess.com"]
[Date "2024.01.11"]
[Round "2"]
[White "Donchenko, Alexander"]
[Black "Sierra Vallina, Lionel"]
[Result "1-0"]
[Board "87"]
[TimeControl "180+1"]
[WhiteFideId "24603295"]
[BlackFideId "54559774"]
[WhiteElo "2942"]
[BlackElo "2616"]
[WhiteTeam "GER"]
[BlackTeam "ESP"]
[WhiteClock "0:01:27"]
[BlackClock "0:00:01"]

1. Nf3 d5 2. g3 Nf6 3. Bg2 e6 4. O-O Be7 5. b4 O-O 6. a3 a5 7. b5 c6 8. c4 dxc4 9. Qa4 Bd7 10. bxc6 Bxc6 11. Qxc4 Nbd7 12. Nc3 Rc8 13. Qa2 b5 14. Bb2 b4 15. axb4 axb4 16. Nd1 Ra8 17. Qb1 Nc5 18. Ne3 Rxa1 19. Bxa1 Qa5 20. Nc4 Qb5 21. Nd4 Qxc4 22. Nxc6 Bd6 23. d3 Qb3 24. Bxf6 gxf6 25. Qxb3 Nxb3 26. Rb1 Nc5 27. Rxb4 f5 28. Rb5 Kg7 29. d4 Na4 30. Rb3 Rc8 31. e3 Kf6 32. Bf3 Bc7 33. Rb7 Bd6 34. Rb3 Bc7 35. Kg2 Nb6 36. Ne5 Rb8 37. Nc6 Rc8 38. h4 Nd7 39. Rb7 Nb6 40. Na7 Ra8 41. Rxc7 1-0

[Event "January 9 Early 2024"]
[Site "https://www.chess.com"]
[Date "2024.01.11"]
[Round "2"]
[White "Baches Garcia, Guillermo"]
[Black "Blokhin, Sofia"]
[Result "1-0"]
[Board "88"]
[TimeControl "180+1"]
[WhiteFideId "2209764"]
[BlackFideId "4508190"]
[WhiteElo "2518"]
[BlackElo "2290"]
[WhiteTeam "ESP"]
[BlackTeam "EST"]
[WhiteClock "0:00:43"]
[BlackClock "0:00:18"]

1. d4 f5 2. Nf3 Nf6 3. Bf4 g6 4. e3 Bg7 5. Bc4 d5 6. Be2 O-O 7. h4 h6 8. Ne5 Kh7 9. Nc3 Nbd7 10. Qd3 e6 11. f3 Nxe5 12. Bxe5 Nh5 13. g4 Bxe5 14. dxe5 Ng3 15. Rh3 Nxe2 16. Nxe2 c5 17. h5 g5 18. O-O-O Kh8 19. gxf5 Rxf5 20. f4 Bd7 21. Ng3 Rf7 22. f5 c4 23. Qd4 Qa5 24. Kb1 exf5 25. e6+ Rg7 26. Nxf5 Rg8 27. exd7 1-0

[Event "January 9 Early 2024"]
[Site "https://www.chess.com"]
[Date "2024.01.11"]
[Round "2"]
[White "Makaraci, Tunahan"]
[Black "Vila Dupla, Aurelio"]
[Result "1-0"]
[Board "89"]
[TimeControl "180+1"]
[WhiteFideId "6356559"]
[BlackFideId "2203383"]
[WhiteElo "2549"]
[BlackElo "2183"]
[WhiteTeam "TUR"]
[BlackTeam "ESP"]
[WhiteClock "0:00:47"]
[BlackClock "0:00:02"]

1. e4 c5 2. c3 d5 3. exd5 Qxd5 4. d4 Nf6 5. Nf3 Bg4 6. dxc5 Qxd1+ 7. Kxd1 Nc6 8. b4 O-O-O+ 9. Nd2 Ne4 10. Kc2 Nxf2 11. Rg1 Bf5+ 12. Kb2 Nd3+ 13. Bxd3 Bxd3 14. Nb3 e5 15. Be3 h6 16. a4 e4 17. Nfd4 Be7 18. Nxc6 bxc6 19. Bd4 Rhg8 20. Rae1 f5 21. g3 h5 22. Be5 g5 23. Nd4 Rgf8 24. Nxc6 1-0

[Event "January 9 Early 2024"]
[Site "https://www.chess.com"]
[Date "2024.01.11"]
[Round "2"]
[White "Sailer, Mike"]
[Black "Mohammadi, Melika"]
[Result "0-1"]
[Board "90"]
[TimeControl "180+1"]
[WhiteFideId "2012901"]
[BlackFideId "42529271"]
[WhiteElo "2191"]
[BlackElo "2469"]
[WhiteTeam "USA"]
[BlackTeam "IRI"]
[WhiteClock "0:00:06"]
[BlackClock "0:01:03"]

1. d4 d5 2. Bf4 Nf6 3. e3 c5 4. Nc3 cxd4 5. exd4 a6 6. Nf3 Nc6 7. a3 Bg4 8. Be2 e6 9. Ne5 Bxe2 10. Nxe2 Bd6 11. Nxc6 bxc6 12. Bxd6 Qxd6 13. O-O c5 14. c3 O-O 15. Qd3 c4 16. Qc2 Rab8 17. f4 Rb6 18. Ng3 Rfb8 19. Rf2 Ng4 20. Re2 Qxf4 21. Rf1 Qh6 22. h3 Ne3 23. Qb1 Nxf1 24. Nxf1 Rb3 25. Qa1 Qf4 26. a4 Qc7 27. Nh2 Qb7 28. a5 Rxb2 29. Qa4 Rxe2 0-1

[Event "January 9 Early 2024"]
[Site "https://www.chess.com"]
[Date "2024.01.11"]
[Round "2"]
[White "Nepomniachtchi, Ian"]
[Black "Nigalidze, Gaioz"]
[Result "1-0"]
[Board "91"]
[TimeControl "180+1"]
[WhiteFideId "4168119"]
[BlackFideId "13603078"]
[WhiteElo "3125"]
[BlackElo "2678"]
[WhiteTeam "RUS"]
[BlackTeam "GEO"]
[WhiteClock "0:01:04"]
[BlackClock "0:00:12"]

1. e4 c5 2. Nf3 d6 3. d4 cxd4 4. Nxd4 Nf6 5. Nc3 a6 6. Be2 e5 7. Nf3 Be7 8. Bg5 O-O 9. Bxf6 Bxf6 10. Nd5 Nd7 11. Qd2 Nc5 12. Qe3 Bg4 13. O-O-O Bxf3 14. Qxf3 Bg5+ 15. Kb1 Ne6 16. h4 Bh6 17. g3 Rc8 18. Qa3 Nd4 19. Bd3 Rc6 20. c3 Ne6 21. Bc2 Kh8 22. Rd3 Nc5 23. Rf3 b5 24. g4 g6 25. g5 Bg7 26. Rfh3 Kg8 27. h5 Qxg5 28. hxg6 hxg6 29. c4 Re8 30. cxb5 axb5 31. Qa7 Ne6 32. Qd7 Rcc8 33. Rf3 Nf4 34. Bb3 Qg2 35. Nf6+ Bxf6 36. Qxf7# 1-0

[Event "January 9 Early 2024"]
[Site "https://www.chess.com"]
[Date "2024.01.11"]
[Round "2"]
[White "Spichkin, Alexander"]
[Black "Llorente Zaro, Alfonso"]
[Result "0-1"]
[Board "92"]
[TimeControl "180+1"]
[WhiteFideId "4144074"]
[BlackFideId "2254131"]
[WhiteElo "2402"]
[BlackElo "2711"]
[WhiteTeam "RUS"]
[BlackTeam "ESP"]
[WhiteClock "0:01:20"]
[BlackClock "0:00:45"]

1. f4 d5 2. Nf3 g6 3. e3 Bg7 4. Be2 Nh6 5. O-O c5 6. d3 Nc6 7. c3 O-O 8. Qe1 b5 9. e4 b4 10. Qh4 Ba6 11. f5 dxe4 12. Bxh6 exf3 13. Bxf3 Qxd3 14. Nd2 Rad8 15. Ne4 Ne5 16. Ng5 Qe3+ 17. Kh1 f6 18. Rfe1 fxg5 19. Bxg5 Nxf3 20. Rxe3 Nxh4 21. Bxh4 bxc3 22. bxc3 Rxf5 23. Bxe7 Re8 24. Bxc5 Rxe3 25. Bxe3 Bxc3 26. Rc1 Rf1+ 27. Rxf1 Bxf1 28. Bxa7 Bb4 29. Bb6 Bb5 30. h3 Ba3 31. g4 Bc4 32. Kg2 Bxa2 33. Kf3 Bd5+ 34. Kf4 Bd6+ 35. Ke3 Bg3 36. Bd8 Kf7 37. Kd4 Bg2 38. h4 Bf3 39. g5 Bxh4 40. Ke3 Bc6 41. Kf4 h6 42. Kg4 Bxg5 43. Bc7 Bd7+ 44. Kg3 h5 45. Bd6 Bf6 46. Kf4 Ke6 47. Bc7 g5+ 48. Kf3 Bc6+ 49. Kf2 Kf5 50. Bb6 h4 51. Kg1 g4 52. Kh2 g3+ 53. Kh3 Kg5 54. Bc7 Bd7+ 55. Kg2 Kg4 56. Kh1 Bd4 57. Bd6 Bc6# 0-1

[Event "January 9 Early 2024"]
[Site "https://www.chess.com"]
[Date "2024.01.11"]
[Round "2"]
[White "Gabrielian, Artur"]
[Black "Mendez Fortes, Eduardo Jesus"]
[Result "1-0"]
[Board "93"]
[TimeControl "180+1"]
[WhiteFideId "4131002"]
[BlackFideId "3502376"]
[WhiteElo "2802"]
[BlackElo "2542"]
[WhiteTeam "RUS"]
[BlackTeam "CUB"]
[WhiteClock "0:01:14"]
[BlackClock "0:00:19"]

1. e4 e5 2. Nf3 Nc6 3. Nc3 Nf6 4. Bb5 Nd4 5. O-O Nxb5 6. Nxb5 c6 7. Nc3 d6 8. d4 Qc7 9. Bg5 Be7 10. Qd3 O-O 11. a4 h6 12. Bxf6 Bxf6 13. d5 c5 14. Nd2 a6 15. Nc4 Bd7 16. a5 Rad8 17. Nb6 Be8 18. Nd1 g6 19. Ne3 Bg7 20. c3 f5 21. exf5 gxf5 22. Nxf5 Rf6 23. Qh3 Bg6 24. Nxh6+ Bxh6 25. Qxh6 Rdf8 26. Qg5 Qg7 27. Rae1 Rf5 28. Qg3 Qf6 29. Nd7 Qf7 30. Nxf8 Kxf8 31. f4 e4 32. c4 Rh5 33. f5 Rxf5 34. Rxf5 Bxf5 35. Qxd6+ Kg7 36. Qe5+ Kh7 37. h3 Qg6 38. Re3 Kh6 39. Rg3 Qf7 40. Qf4+ 1-0

[Event "January 9 Early 2024"]
[Site "https://www.chess.com"]
[Date "2024.01.11"]
[Round "2"]
[White "Injac, Teodora"]
[Black "Wantiez, Fabrice"]
[Result "1/2-1/2"]
[Board "94"]
[TimeControl "180+1"]
[WhiteFideId "932400"]
[BlackFideId "202274"]
[WhiteElo "2640"]
[BlackElo "2389"]
[WhiteTeam "SRB"]
[BlackTeam "BEL"]
[WhiteClock "0:00:08"]
[BlackClock "0:01:06"]

1. d4 Nf6 2. Nf3 g6 3. g3 Bg7 4. Bg2 O-O 5. O-O d5 6. c4 c6 7. Nbd2 Bf5 8. b3 Ne4 9. Bb2 Nd7 10. Rc1 Nxd2 11. Qxd2 Be4 12. Rfd1 e6 13. e3 f5 14. Qe2 g5 15. b4 g4 16. Ne5 Bxe5 17. dxe5 Bxg2 18. Kxg2 Qe7 19. b5 Nb6 20. cxd5 cxd5 21. a4 Nc4 22. Bc3 a6 23. h3 gxh3+ 24. Kxh3 axb5 25. axb5 Ra4 26. Kg2 Rfa8 27. Rh1 Qd7 28. Rh6 Ra2 29. Qf3 R8a3 30. Bd4 Rd2 31. Qh5 Raa2 32. Rf1 Rxd4 33. Qg5+ Qg7 34. Qd8+ Qf8 35. Qg5+ Qg7 36. Qd8+ Qf8 37. Qg5+ Qg7 1/2-1/2